 Dungeon Crawl Stone Soup version 0.25.1-1-g288607f (webtiles) character file.

Game seed: 3880933586359699110

10 RonnieColeman the Grave Robber (level 2, -1/15 HPs)
             Began as a Deep Elf Necromancer on Sept 15, 2020.
             Slain by a kobold
             ... wielding a +0 short sword
              (2 damage)
             ... on level 1 of the Dungeon.
             The game lasted 00:02:03 (877 turns).

RonnieColeman the Grave Robber (DENe)                Turns: 877, Time: 00:02:04

Health: -1/15      AC:  2    Str:  5    XL:     2   Next: 10%
Magic:  8/8        EV: 13    Int: 19    God:
Gold:   60         SH:  0    Dex: 15    Spells: 6/8 levels left

rFire    . . .     SeeInvis .   d - +0 dagger
rCold    . . .     Gourm    .   (no shield)
rNeg     . . .     Faith    .   a - +0 robe
rPois    .         Spirit   .   (no helmet)
rElec    .         Reflect  .   (no cloak)
rCorr    .         Harm     .   (no gloves)
MR       .....                  (no boots)
Stlth    ++........             (no amulet)
HPRegen  0.05/turn              (no ring)
MPRegen  0.11/turn              (no ring)

@: no status effects
A: no striking features
a: no special abilities


You were on level 1 of the Dungeon.
You were not hungry.

You visited 1 branch of the dungeon, and saw 1 of its levels.

You collected 60 gold pieces.

Inventory:

Hand Weapons
 d - a +0 dagger (weapon)
Missiles
 b - 2 boomerangs (quivered)
Armour
 a - a +0 robe (worn)
Scrolls
 f - 3 scrolls of enchant weapon {unknown}
 h - a scroll of noise {unknown}
 i - a scroll of identify {unknown}
Potions
 e - a potion of curing {unknown}
Comestibles
 c - 2 rations


   Skills:
 - Level 2.4 Dodging
 - Level 2.4 Stealth
 * Level 3.7 Spellcasting
 + Level 5.0 Necromancy


You had 6 spell levels left.
You knew the following spells:

 Your Spells              Type           Power        Failure   Level  Hunger
a - Pain                  Necr           ###.         1%          1    None
b - Animate Skeleton      Necr           N/A          1%          1    None

Your spell library contained the following spells:

 Spells                   Type           Power        Failure   Level  Hunger
 Vampiric Draining        Necr           ###.......   5%          3    ###....
 Animate Dead             Necr           N/A          17%         4    ####...
 Agony                    Necr           ###.....     43%         5    ######.


Dungeon Overview and Level Annotations

Branches:
Dungeon (1/15)

Altars:


Message History

You hit the kobold but do no damage.
The kobold is moderately wounded.
The kobold barely misses you.
You hit the kobold but do no damage.
The kobold is moderately wounded.
The kobold hits you with a +0 short sword.
You hit the kobold but do no damage.
The kobold is moderately wounded.
The kobold closely misses you.
You closely miss the kobold.
The kobold is moderately wounded.
The kobold hits you with a +0 short sword.
You closely miss the kobold.
The kobold is moderately wounded.
The kobold hits you with a +0 short sword.
* * * LOW HITPOINT WARNING * * *
You miss the kobold.
The kobold is moderately wounded.
The kobold hits you with a +0 short sword.
You die...

#....>........#
#..........##.#
#......(..(...#
#######...###.#.###.#
#.........# #.#.# #.##
..#######.###.#.###..########
### ##..(..#......#?.....##
...#####..#########..........#
..............#.@......>......
....#####.###.#K###...........
...# ##.# #. #...........
...### #..###.#.###...........
...). ##.....)................
...#.##..#########...........#
...#....######....)##........#
...###.....##................
...###.........#####........(


You could see a kobold.

Vanquished Creatures
  A bat (D:1)
  A hobgoblin (D:1)
  A kobold (D:1)
  3 frilled lizards (D:1)
  3 rats (D:1)
9 creatures vanquished.

Vanquished Creatures (collateral kills)
  A dart slug (D:1)
1 creature vanquished.

Grand Total: 10 creatures vanquished

Notes
Turn   | Place    | Note
-------+----------+-------------------------------------------
     0 | D:1      | RonnieColeman the Deep Elf Necromancer began the quest for
                  | the Orb.
     0 | D:1      | Reached XP level 1. HP: 10/10 MP: 6/6
   143 | D:1      | Learned a level 1 spell: Animate Skeleton
   508 | D:1      | Reached skill level 5 in Necromancy
   843 | D:1      | Reached XP level 2. HP: 15/15 MP: 8/8
   877 | D:1      | Slain by a kobold

Illustrated notes

Levels and vault maps discovered:
D:1:      mrwooster_arrival_statue_2, layout_rooms, minmay_misc_feat_cross,
          hex_tiny

Skill      XL: |  1 |
---------------+----+-----
Necromancy     | 5 |  5.0
Dodging        | |  2.4
Stealth        | |  2.4
Spellcasting   | |  3.7

Action                   || total
-------------------------++-------
Melee: Dagger            ||    41
       Unarmed           ||     8
 Cast: Animate Skeleton  ||     3
 Stab: Sleeping          ||     3
Armor: Robe              ||     4
Dodge: Dodged            ||    34
